 Dungeon Crawl Stone Soup version 0.31.0-11-ge490571c62 (webtiles) character file.

Game seed: 6289283460482082614

18 qw the Shooter (level 2, -2/14 HPs)
             Began as a Spriggan Hunter on Feb 4, 2024.
             Slain by Terence
             ... wielding a +0 falchion
              (7 damage)
             ... on level 2 of the Dungeon.
             The game lasted 00:00:02 (1039 turns).

qw the Shooter (Spriggan Hunter)                    Turns: 1039, Time: 00:00:02

Health: -2/14      AC:  2    Str:  7    XL:     2   Next: 48%
Magic:  3/3        EV: 19    Int: 10    God:
Gold:   66         SH:  0    Dex: 18    Spells: 1/1 levels left

rFire   . . .        a - +0 shortbow
rCold   . . .        (shield currently unavailable)
rNeg    . . .        c - +0 robe
rPois   .            (helmet restricted)
rElec   .            (no cloak)
rCorr   .            (gloves unavailable)
SInv    +            (boots unavailable)
Will    .....        (no amulet)
Stlth   ++           (no ring)
HPRegen 0.22/turn    (no ring)
MPRegen 0.08/turn

%: no passive effects
@: very quick
A: very small, no large weapons, unfitting armour, see invisible, speed 3
a: no special abilities


You were on level 2 of the Dungeon.
You visited 1 branch of the dungeon, and saw 2 of its levels.

You collected 66 gold pieces.


Innate Abilities, Weirdness & Mutations

You are very small and have problems with some larger weapons.
You are too small for most types of armour.
You have supernaturally acute eyesight. (SInv)
You cover ground extremely quickly. (Speed+++)


   Skills:
 - Level 1.5 Fighting
 + Level 4.1 Ranged Weapons
 - Level 4.0 Dodging
 - Level 1.5 Stealth


You had one spell level left.
You didn't know any spells.
Your spell library was empty.

Inventory:

Hand Weapons
 a - a +0 shortbow (weapon)
Armour
 c - a +0 robe (worn)
Scrolls
 b - a scroll of fog {unknown}
 d - a scroll of amnesia {unknown}

Dungeon Overview and Level Annotations

Branches:
Dungeon (2/15)

Altars:
Uskayaw

Annotations:
D:2 Terence


Message History

Terence the Incautious comes into view.
He is wielding a +0 falchion and wearing a +3 scale mail of cold resistance.
You shoot an arrow. The arrow hits Terence.
Terence shouts!
Terence is moderately wounded.
Terence closely misses you.
You shoot an arrow.
The arrow hits Terence but does no damage.
Terence is moderately wounded.
Terence hits you with a +0 falchion.
You shoot an arrow. The arrow hits Terence.
Terence is moderately wounded.
Terence completely misses you.
You shoot an arrow. The arrow hits Terence.
Terence is moderately wounded.
Terence closely misses you.
You shoot an arrow.
The arrow hits Terence but does no damage.
Terence is moderately wounded.
Terence hits you with a +0 falchion!
Ouch! That really hurt!
You shoot an arrow. The arrow closely misses Terence.
Terence completely misses you. Terence barely misses you.
You shoot an arrow.
The arrow hits Terence but does no damage.
Terence is moderately wounded.
Terence barely misses you.
You shoot an arrow.
The arrow hits Terence but does no damage.
Terence is moderately wounded.
Terence closely misses you.
You shoot an arrow.
The arrow hits Terence but does no damage.
Terence is moderately wounded.
Terence barely misses you.
You shoot an arrow. The arrow hits Terence.
Terence is moderately wounded.
Terence hits you with a +0 falchion!
Ouch! That really hurt!
You die...
Terence says, "Time to find some more victims."

## .# .# ####.#
.# .... .# ##.##
####.####.# >.
#...###..@......#
..
#.#.....##@######
.# ##...##..# .#
.# #...........#
.# #.#####..##.#
.# #.# #..# .# .#
#.# #..# .#
<######.# ...# .#
.....##.####..##


You could see Terence.

Vanquished Creatures
  2 bats
  A giant cockroach (D:1)
  3 goblins (D:1)
  A hobgoblin (D:2)
  3 kobolds (D:1)
  2 ball pythons
  2 frilled lizards (D:1)
  3 rats (D:1)
17 creatures vanquished.

Notes
Turn   | Place    | Note
-------+----------+-------------------------------------------
     0 | D:1      | qw the Spriggan Hunter began the quest for the Orb.
     0 | D:1      | Reached XP level 1. HP: 10/10 MP: 2/2
     0 | D:1      | 0 ||| qw: Version: 0.3-a-160-g6735b56
     0 | D:1      | 0 ||| qw: Game counter: 5626
     0 | D:1      | 0 ||| qw: Melee chars always use a shield: true
     0 | D:1      | 0 ||| qw: God list: Okawaru
     0 | D:1      | 0 ||| qw: Allow faded altars: false
     0 | D:1      | 0 ||| qw: Do Orc after clearing Dungeon:15 true
     0 | D:1      | 0 ||| qw: Do second Lair branch before Depths: true
     0 | D:1      | 0 ||| qw: Lair rune preference: random
     0 | D:1      | 0 ||| qw: Goals: Normal
     0 | D:1      | 0 ||| PLANNING D:1-11
    84 | D:1      | Reached skill level 3 in Dodging
   397 | D:1      | Reached XP level 2. HP: 14/14 MP: 3/3
   840 | D:1      | 840 ||| READING scroll labelled KIOCOT GOWI.
   951 | D:1      | 951 ||| READING scroll labelled DET YGAOCAFROY.
   958 | D:1      | 958 ||| DROPPING scroll of butterflies.
   996 | D:2      | Found a hide-covered altar of Uskayaw.
  1029 | D:2      | Noticed Terence
  1034 | D:2      | HP: 3/14 [Terence/+0 falchion (7)]
  1039 | D:2      | Slain by Terence

Levels and vault maps discovered:
D:1:      dpeg_arrival_lava_altar, layout_loops_corners
D:2:      layout_loops_ring, basic_altar, uniq_jessica, uniq_terence

Skill      XL: |  1  2 |
---------------+-------+-----
Dodging        | 3 4 |  4.0
Fighting       | |  1.5
Ranged Weapons | |  4.1
Stealth        | |  1.5

Action                     || total
---------------------------++-------
   Fire: Shortbow          ||    45
    Use: Scroll            ||     2
 Armour: Robe              ||     3
  Dodge: Dodged            ||    14

Table legend:
 A = Non-vault XP
 B = Vault XP
 C = Vault XP percentage of total XP
 D = Non-vault monster count
 E = Vault monster count
 F = Vault count percentage of total count
                 A         B        C        D         E       F
            +---------+---------+-------+---------+---------+-------
      Total |      26 |       0 |   0.0 |      17 |       0 |   0.0
            +---------+---------+-------+---------+---------+-------
        D:1 |      20 |       0 |   0.0 |      14 |       0 |   0.0
        D:2 |       6 |       0 |   0.0 |       3 |       0 |   0.0
            +---------+---------+-------+---------+---------+-------
